AoeStats
← JR_Clutch

Arabia

508339490Analyzed
1v1 RM · 11d ago on Sep 22, 2026· 45m 21s· 2 players
Game mode
Random Map
Map size
Tiny (2 player)
Population
200
Speed
Normal
Resources
Standard
Victory
Conquest
Starting age
Dark Age
Ending age
Imperial Age
RankedLock teamsTeams togetherTeam positionsShared explorationLock speedFull tech treeHidden civsTurbo modeCheats
Victory
Defeat
🇺🇸 Franks · United States
672
+18
🇨🇱 Ethiopians · Chile
717
-18
claybeDAWTcom
8:31 Loom
10:59 Feudal Age
11:52 Double-Bit Axe
16:59 Scale Barding Armor
17:04 Forging
22:50 Castle Age
22:09 Fletching
24:45 Husbandry
25:08 Chain Barding Armor
24:22 Elite Skirmisher
25:25 Bow Saw
26:16 Wheelbarrow
25:35 Town Watch
27:17 Iron Casting
31:37 Hand Cart
32:31 Sanctity
32:12 Gold Mining
35:29 Ballistics
35:06 Stone Mining
43:42 Imperial Age
42:14 #83
42:28 Bodkin Arrow
43:50 Cavalier
45:18 Plate Barding Armor
JR_Clutch
10:05 Feudal Age
14:58 Wheelbarrow
14:59 Gold Mining
15:03 Double-Bit Axe
17:15 Loom
19:21 Fletching
22:40 Castle Age
21:14 Forging
22:58 Horse Collar
23:13 Crossbowman
23:59 Thumb Ring
23:53 Bodkin Arrow
24:35 Iron Casting
29:49 Hand Cart
30:01 Town Watch
31:56 Squires
35:34 Scale Mail Armor
40:54 Imperial Age
39:17 Gold Mining
41:34 Chain Mail Armor
41:21 Padded Archer Armor
41:45 Ballistics
Connection lost

Rejoining the realm…

Still unreachable

The connection could not be restored.

Session expired

The server has moved on; the page needs a fresh start.